 Dungeon Crawl Stone Soup version 0.24.0-123-gd5b16e6ec5 (webtiles) character file.

Game seed: 3640752168362616242, levelgen mode: deterministic

49 Chiseanne the Skirmisher (level 3, 0/31 HPs)
             Began as a Mummy Chaos Knight on Jan 15, 2020.
             Was a Plaything of Xom.
             Slain by Robin
             ... wielding a +0 mace
              (4 damage)
             ... on level 2 of the Dungeon.
             The game lasted 00:03:37 (1373 turns).

Chiseanne the Skirmisher (Mummy Chaos Knight)       Turns: 1373, Time: 00:03:37

Health: 0/31       AC:  5    Str: 15    XL:     3   Next: 51%
Magic:  3/3        EV: 11    Int: 11    God:    Xom [..*...]
Gold:   76         SH:  0    Dex: 12    Spells: 2/2 levels left

rFire    x . .     SeeInvis .   a - +0 falchion (chaos)
rCold    + . .     Gourm    .   (no shield)
rNeg     + + +     Faith    .   b - +2 leather armour
rPois    ∞         Spirit   .   (no helmet)
rElec    .         Reflect  .   (no cloak)
rCorr    .         Harm     .   (no gloves)
MR       .....                  (no boots)
Stlth    +.........             (no amulet)
HPRegen  0.10/turn              (no ring)
MPRegen  0.08/turn              (no ring)

@: no status effects
A: no food or potions, fire vulnerability, cold resistance 1, negative energy
resistance 3, torment resistance, unbreathing
a: Renounce Religion


You were on level 2 of the Dungeon.
You worshipped Xom.
You were a toy of Xom.
You were not hungry.

You visited 1 branch of the dungeon, and saw 2 of its levels.

You collected 76 gold pieces.

Inventory:

Hand Weapons
 a - a +0 falchion of chaos (weapon)
 m - a +2 spear of venom
 w - a +0 hunting sling
Missiles
 d - 39 stones (quivered)
 g - 2 silver boomerangs
 k - 5 boomerangs
Armour
 b - a +2 leather armour (worn)
Scrolls
 c - 2 scrolls of teleportation {unknown}
 e - a scroll of random uselessness {unknown}
 f - 2 scrolls of enchant weapon {unknown}
 h - a scroll of noise {unknown}
 i - 3 scrolls of remove curse {unknown}
 j - 5 scrolls of identify {unknown}
 l - a scroll of fog {unknown}


   Skills:
 * Level 4.6 Fighting
 - Level 2.4 Long Blades
 - Level 1.5 Armour
 - Level 0.7 Dodging


You had 2 spell levels left.
You didn't know any spells.
Your spell library was empty.

Dungeon Overview and Level Annotations

Branches:
Dungeon (2/15)

Altars:
Dithmenos

Annotations:
D:2 Robin


Innate Abilities, Weirdness & Mutations

You do not eat or drink.
Your flesh is vulnerable to fire.
You are immune to poison.
Your flesh is cold resistant. (rC+)
You are immune to negative energy. (rN+++)
You are immune to unholy pain and torment.
You can survive without breathing.


Message History

The goblin closely misses you.
You hit the goblin but do no damage.
The goblin appears confused.
Robin throws the goblin at you! The goblin barely misses you.
You hit the goblin. You freeze the goblin.
You kill the goblin!
You barely miss Robin. Robin hits you with a +0 mace!
* * * LOW HITPOINT WARNING * * *
You emit a cloud of colourful smoke!
You see here a +0 club.
You hit Robin but do no damage. Robin hits you with a +0 mace!
You die... "Hey, things were just getting interesting!"
Xom revives you!
Okay, then.
You barely miss Robin. Robin hits you but does no damage.
You hit Robin. You freeze Robin.
Robin is moderately wounded.
Robin hits you with a +0 mace.
You die... "It's all fun and games until someone loses an eye."

### ###### ##.##
#.†..##### ##.#.##
#.##.....# ##.###.##
#.######.####@##
##.####### #.#
#...§g## ##......##
####.#
######.#####.#####..#
.....#
##g#).g)..g....#
######
##(.####(####.#
##(##.....# ########
#.#.......#
.......#######
#.#......$#
######.......#
#....._.....


You could see Robin.

Vanquished Creatures
  An adder (D:2)
  A worm (D:2)
  10 goblins
  3 hobgoblins
  7 jackals (D:1)
  A quokka (D:2)
  3 bats (D:1)
  3 kobolds (D:1)
  3 rats
32 creatures vanquished.

Notes
Turn   | Place    | Note
-------+----------+-------------------------------------------
     0 | D:1      | Chiseanne the Mummy Chaos Knight began the quest for the
                  | Orb.
     0 | D:1      | Reached XP level 1. HP: 18/18 MP: 1/1
    31 | D:1      | XOM: butterfly on damage
   293 | D:1      | XOM: harmless Pois miscast
   294 | D:1      | Reached XP level 2. HP: 24/24 MP: 2/2
   478 | D:1      | Reached skill level 4 in Fighting
   745 | D:1      | XOM: harmless Hex miscast
  1048 | D:2      | Reached XP level 3. HP: 16/31 MP: 3/3
  1256 | D:2      | XOM: divination: magic mapping
  1285 | D:2      | Found a shadowy altar of Dithmenos.
  1359 | D:2      | Noticed Robin
  1368 | D:2      | XOM: smoke on damage
  1371 | D:2      | Xom revived you
  1373 | D:2      | Slain by Robin

Levels and vault maps discovered:
D:1:      eino_arrival_cavern_b, layout_basic, serial_corexii_hall,
          corexii_hall_statues_x, chequers_hall_statues_wall_a,
          corexii_hall_statues_s
D:2:      layout_loops_ring, old_standard_altar, eat_drink_and_be_merry_uskayaw,
          uniq_robin

Skill      XL: |  1  2 |
---------------+-------+-----
Fighting       | 4 |  4.6
Long Blades    | |  2.4
Armour         | |  1.5
Dodging        | |  0.7

Action                   || total
-------------------------++-------
Melee: Falchion          ||    97
 Fire: Hunting sling     ||     6
 Stab: Paralysed         ||     1
       Sleeping          ||     1
Armor: Leather armour    ||    37
Dodge: Dodged            ||    61
       Rpst.: Falchion   ||    14
